 Dungeon Crawl Stone Soup version 0.31.0-4-g52a2dc7128 (webtiles) character file.

Game seed: 11179217416300415797

75 boopmooplesden the Twirler (level 4, -5/37 HPs)
             Began as a Minotaur Gladiator on Jan 22, 2024.
             Slain by an ice beast (7 damage)
             ... on level 3 of the Dungeon.
             The game lasted 00:02:08 (1614 turns).

boopmooplesden the Twirler (Minotaur Gladiator)     Turns: 1614, Time: 00:02:09

Health: -5/37      AC: 10    Str: 20    XL:     4   Next: 11%
Magic:  3/3        EV:  6    Int:  5    God:
Gold:   132        SH:  0    Dex: 12    Spells: 3/3 levels left

rFire   . . .        a - +0 quarterstaff
rCold   . . .        (shield currently unavailable)
rNeg    . . .        n - +0 plate armour
rPois   .            c - +0 hat
rElec   .            (no cloak)
rCorr   .            (no gloves)
SInv    .            (no boots)
Will    .....        (no amulet) Stlth
                     (no ring)
HPRegen 0.26/turn    (no ring)
MPRegen 0.08/turn

%: no passive effects
@: no status effects
A: horns 2, retaliatory headbutt
a: no special abilities


You were on level 3 of the Dungeon.
You visited 1 branch of the dungeon, and saw 3 of its levels.

You collected 132 gold pieces.

Inventory:

Hand Weapons
 a - a +0 quarterstaff (weapon)
Missiles
 d - 3 throwing nets (quivered)
 e - a javelin
Armour
 b - a +0 leather armour
 c - a +0 hat (worn)
 n - a +0 plate armour (worn)
Jewellery
 g - a ring of magical power
Scrolls
 h - 2 scrolls of identify {unknown}
 j - 3 scrolls of fear {unknown}
 l - a scroll of acquirement {unknown}
Potions
 f - a potion of invisibility {unknown}
 i - a potion of heal wounds {unknown}
 k - a potion of degeneration {unknown}
 m - 2 potions of haste {unknown}


   Skills:
 + Level 2.6 Fighting
 + Level 5.1 Staves
 + Level 2.3 Throwing
 + Level 1.3 Armour
 + Level 3.7 Dodging


You had 3 spell levels left.
You didn't know any spells.
Your spell library was empty.

Dungeon Overview and Level Annotations

Branches:
Dungeon (3/15)

Altars:


Innate Abilities, Weirdness & Mutations

You have a pair of horns on your head.
You reflexively headbutt those who attack you in melee.


Message History

The rat bites you but does no damage.
You hit the rat.
The rat is moderately wounded.
The rat bites you but does no damage.
You barely miss the rat.
The rat is moderately wounded.
The rat bites you but does no damage.
You sock the rat!
You kill the rat!
You now have 123 gold pieces (gained 8).
You now have 132 gold pieces (gained 9).
An ice beast comes into view.
An ice beast is nearby!
An ice beast is nearby!
An ice beast is nearby!
The ice beast hits you but does no damage.
You barely miss the ice beast.
The ice beast hits you but does no damage.
You closely miss the ice beast. The ice beast hits you.
The ice beast freezes you!
You barely miss the ice beast. You headbutt the ice beast.
The ice beast is lightly wounded.
The ice beast completely misses you.
You closely miss the ice beast.
The ice beast is lightly wounded.
The ice beast hits you. The ice beast freezes you!
You completely miss the ice beast. Your headbutt misses the ice beast.
The ice beast is lightly wounded.
The ice beast hits you but does no damage.
You barely miss the ice beast. Your headbutt misses the ice beast.
The ice beast is lightly wounded.
The ice beast hits you. The ice beast freezes you!
* * * LOW HITPOINT WARNING * * *
The ice beast attacks as it pursues you!
The ice beast barely misses you.
The ice beast attacks as it pursues you!
The ice beast hits you.
* * * LOW HITPOINT WARNING * * *
The ice beast freezes you!
You die...

## #. .. #.# #.
#.#
#.#######.###
#...........# ..
#.##Y###..#.###
#.. #. #@#
#......##... ..
#.###......#....
##
#...#..........
###.#......#...
#.####.#......#
.
#.......<....##
######...###.#
#...# #.# #...#
#.#


You could see an ice beast.

Vanquished Creatures
  2 adders (D:2)
  A dart slug (D:2)
  3 ribbon worms (D:2)
  7 ball pythons
  5 endoplasms
  3 goblins
  3 hobgoblins
  5 jackals (D:1)
  2 kobolds
  A quokka (D:2)
  7 bats
  A frilled lizard (D:1)
  4 rats
44 creatures vanquished.

Notes
Turn   | Place    | Note
-------+----------+-------------------------------------------
     0 | D:1      | boopmooplesden the Minotaur Gladiator began the quest for
                  | the Orb.
     0 | D:1      | Reached XP level 1. HP: 18/18 MP: 0/0
   435 | D:1      | Reached skill level 4 in Staves
   435 | D:1      | Reached XP level 2. HP: 23/25 MP: 1/1
   829 | D:2      | Reached XP level 3. HP: 13/30 MP: 2/2
  1159 | D:2      | Reached skill level 5 in Staves
  1199 | D:2      | Reached skill level 1 in Armour
  1263 | D:2      | Reached XP level 4. HP: 28/37 MP: 3/3
  1605 | D:3      | Noticed an ice beast
  1614 | D:3      | Slain by an ice beast

Illustrated notes

Levels and vault maps discovered:
D:1:      dpeg_arrival_castle, layout_loops_ring, minmay_misc_feat_encased,
          st_stairs_11, minmay_misc_feat_tower, minmay_shallow_snake_nest
D:2:      minmay_wonky_spiral, layout_basic, minmay_cut_off
D:3:      layout_loops_ring, trog_three_pillars_becter,
          gammafunk_ghost_mausoleum, uniq_jessica

Skill      XL: |  1  2  3 |
---------------+----------+-----
Staves         | 4 5 |  5.1
Armour         | 1 |  1.3
Fighting       | |  2.6
Throwing       | |  2.3
Dodging        | |  3.7

Action                     |  1- 3 |  4- 6 || total
---------------------------+-------+-------++-------
  Melee: Quarterstaff      |    73 |    19 ||    92
         Headbutt          |     7 |     2 ||     9
 Armour: Leather armour    |    42 |     6 ||    48
         Plate armour      |       |    10 ||    10
  Dodge: Dodged            |    58 |     9 ||    67
